AoeStats
← 主打抽象

Arabia

510675333Analyzed
1v1 RM · 1d ago on Oct 2, 2026· 31m 2s· 2 players
Game mode
Random Map
Map size
Tiny (2 player)
Population
200
Speed
Normal
Resources
Standard
Victory
Conquest
Starting age
Dark Age
Ending age
Imperial Age
RankedLock teamsTeams togetherTeam positionsShared explorationLock speedFull tech treeHidden civsTurbo modeCheats
Victory
Defeat
🇨🇱 Jurchens · Chile
1813
+15
🇨🇳 Bulgarians · China
1784
-15
主打抽象
6:00 Loom
8:49 Feudal Age
13:17 Fletching
16:56 Double-Bit Axe
22:24 Castle Age
20:31 Horse Collar
21:08 Scale Barding Armor
21:38 Gold Mining
22:59 Bodkin Arrow
22:27 Elite Skirmisher
23:28 Padded Archer Armor
25:53 Wheelbarrow
27:13 Chain Barding Armor
AiM | Ogazjoker
6:03 Loom
8:21 Feudal Age
9:04 Double-Bit Axe
13:14 Horse Collar
18:36 Town Watch
21:27 Castle Age
19:52 Fletching
20:51 Padded Archer Armor
21:30 Crossbowman
22:09 Bodkin Arrow
22:15 Gold Mining
24:49 Leather Archer Armor
28:43 Gold Shaft Mining
28:32 Bow Saw
30:53 Ballistics
31:11 Leather Archer Armor
Connection lost

Rejoining the realm…

Still unreachable

The connection could not be restored.

Session expired

The server has moved on; the page needs a fresh start.